 Dungeon Crawl Stone Soup version 0.25.0-1-g7eea58d2a3 (webtiles) character file.

Game seed: 1026208661626305744

2189628 mopl the Shatterer (level 25, 255/255 HPs)
             Began as a Minotaur Berserker on June 13, 2020.
             Was the Champion of Trog.
             Escaped with the Orb
             ... and 3 runes on June 14, 2020!
             The game lasted 02:28:42 (41440 turns).

mopl the Shatterer (Minotaur Berserker)            Turns: 41440, Time: 02:28:43

Health: 255/255    AC: 40    Str: 29      XL:     25   Next: 67%
Magic:  30/30      EV: 18    Int:  4      God:    Trog [******]
Gold:   4734       SH:  0    Dex: 14 (15) Spells: 24/24 levels left

rFire    + + +     SeeInvis .   b - +9 great mace (elec)
rCold    + + .     Gourm    .   (shield currently unavailable)
rNeg     + + .     Faith    .   E - +9 scales of the Dragon King {rPois rF+ rC+ MR+}
rPois    +         Spirit   .   y - +2 hat
rElec    .         Reflect  .   H - scarf {rC+ rF+}
rCorr    +         Harm     .   v - +2 pair of gloves {archery}
MR       +++..                  u - +0 pair of boots of the Barber Surgeon {+Blink rPois}
Stlth    ..........             T - amulet of Vitality {Regen+ HP+15}
HPRegen  0.92/turn              r - ring of the Present {Wiz *Contam rN++ MR+ Stlth+}
MPRegen  0.22/turn              d - ring of Ragoigh {rF+ rCorr}

@: hasted, very quick
A: retaliatory headbutt, horns 2, repulsion field 1, low mp 1, sense
surroundings 1, screaming 1, inhibited regeneration
0: Orb of Zot
}: 3/15 runes: decaying, slimy, gossamer
a: Berserk, Trog's Hand, Brothers in Arms, Renounce Religion, Evoke Blink


You escaped.
You worshipped Trog.
Trog was exalted by your worship.
You were not hungry.

You visited 9 branches of the dungeon, and saw 49 of its levels.
You visited 1 ziggurat, and saw 4 of its levels.
You also visited: Ossuary, Bailey and Volcano.

You collected 6854 gold pieces.
You spent 2120 gold pieces at shops.

Inventory:

Hand Weapons
 a - the +3 great mace of Accord {antimagic, rElec Str+7 Int+4 Dex-2}
   (Trog gifted it to you on level 5 of the Realm of Zot)

   It reduces the magical energy of the wielder, and disrupts the spells and
   magical abilities of those hit.
   Natural abilities and divine invocations are not affected.
   It affects your strength (+7).
   It affects your intelligence (+4).
   It affects your dexterity (-2).
   It insulates you from electricity.
 b - a +9 great mace of electrocution (weapon)
Missiles
 o - 22 boomerangs (quivered)
 t - 19 curare-tipped darts
 I - 8 throwing nets
 R - 14 javelins
 W - 13 atropa-tipped darts
Armour
 u - the +0 pair of boots of the Barber Surgeon (worn) {+Blink rPois}
   (You bought it in a shop on level 11 of the Dungeon)

   It protects you from poison.
   It lets you blink.
 v - a +2 pair of gloves of archery (worn)
 y - a +2 hat (worn)
 E - the +9 scales of the Dragon King (worn) {rPois rF+ rC+ MR+}
   (You found it on level 5 of the Dungeon)

   It protects you from fire.
   It protects you from cold.
   It protects you from poison.
   It affects your resistance to hostile enchantments.
 H - a scarf of resistance (worn)
Jewellery
 d - the ring of Ragoigh (right hand) {rF+ rCorr}
   (You found it on level 5 of the Pits of Slime)

   [ring of resist corrosion]

   It protects you from fire.
   It provides partial protection from all sources of acid and corrosion.
 r - the ring of the Present (left hand) {Wiz *Contam rN++ MR+ Stlth+}
   (You found it on level 3 of the Elven Halls)

   [ring of wizardry]

   It improves your spell success rate.
   It greatly protects you from negative energy.
   It affects your resistance to hostile enchantments.
   It causes magical contamination when unequipped.
   It makes you more stealthy.
 T - the amulet of Vitality (around neck) {Regen+ HP+15}
   (You found it on level 3 of the Elven Halls)

   [amulet of regeneration]

   It affects your health (+15).
   It increases your rate of regeneration.
Wands
 w - a wand of iceblast (41)
 x - a wand of acid (9)
 P - a wand of digging (1)
 U - a wand of polymorph (45)
 V - a wand of clouds (1)
 Z - a wand of paralysis (29)
Scrolls
 f - 7 scrolls of identify
 h - 6 scrolls of blinking
 m - 30 scrolls of teleportation
 z - 26 scrolls of remove curse
 B - a scroll of silence
 C - 3 scrolls of immolation
 D - 12 scrolls of vulnerability
 L - 3 scrolls of holy word
 N - 9 scrolls of fear
 Q - 3 scrolls of summoning
 Y - 6 scrolls of fog
Potions
 e - 3 potions of flight
 g - 5 potions of might
 i - 5 potions of stabbing
 k - 5 potions of ambrosia
 n - 2 potions of cancellation
 p - 6 potions of heal wounds
 q - 15 potions of curing
 J - 6 potions of haste
 K - 3 potions of resistance
 M - 4 potions of mutation
 O - 5 potions of invisibility
 X - 3 potions of magic
Miscellaneous
 j - a phial of floods
 l - a tin of tremorstones (3/3)
 s - 7 phantom mirrors
 F - 3 boxes of beasts
 S - a lightning rod (4/4)
Comestibles
 c - 62 rations


   Skills:
 + Level 22.4 Fighting
 * Level 26.2 Maces & Flails
 + Level 17.6 Throwing
 + Level 20.5 Armour
 + Level 17.5 Dodging
 + Level 8.5 Stealth
 + Level 15.8 Evocations


You had 24 spell levels left.
You didn't know any spells.
Your spell library was empty.

Dungeon Overview and Level Annotations

Branches:
Dungeon (15/15)            Temple (0/1) D:7            Lair (6/6) D:11
  Swamp (4/4) Lair:2       Spider (4/4) Lair:4        Slime (5/5) Lair:6
    Orc (2/2) D:9             Elf (3/3) Orc:2        Vaults (0/5) D:13
 Depths (5/5) D:15            Zot (5/5) Depths:5    Ossuary (visited)
 Bailey (visited)         Volcano (visited)

Altars:
Cheibriados
Dithmenos
Okawaru
Sif Muna
Uskayaw
Xom
Jiyva

Shops:
D:4 %*   D:11 :[[[=   D:14 (   D:15 *   Orc:2 ?:?*(   Elf:1 %   Elf:2 [[%

Portals:
Hell: Depths:1 Depths:2 Depths:5
Abyss: Depths:1 Depths:2 Depths:5
Pandemonium: Depths:5
Trove: D:15 (give 9 potions of haste)

Annotations:
Zot:5 26 runed doors


Innate Abilities, Weirdness & Mutations

You reflexively headbutt those who attack you in melee.
You have a pair of horns on your head.
You are surrounded by a mild repulsion field. (EV +2)
Your magical capacity is low. (-10% MP)
You passively map a small area around you.
You occasionally shout uncontrollably at your foes.
You do not regenerate when monsters are visible.


Message History

There is an open door here.
You see here 15 stones.
An Ice Fiend comes into view.
As you read the scroll of fog, it crumbles to dust.
The scroll dissolves into smoke.
You feel yourself speed up.
An Orb Guardian comes into view.
(D) Dungeon (T) Temple (L) Lair (S) Swamp (N) Spider Nest (M) Slime Pits (O) Orcish Mines (E) Elven Halls (V) Vaults (U) Depths (H) Hell (Z) Zot
Where to? (Enter - D:1 @ (x,y), ? - help)
An Orb Guardian is nearby!
You see here a +0 club.
You shout at the Ice Fiend!
An Ice Fiend comes into view.
As you open the door, it creaks loudly!
There is an open door here.
There is a staircase leading out of the dungeon here.
Unknown command.
You have escaped!

#.#.♣♣.♣♣......##
##....#####
###.♣..P♣.......# ####.#
....♣.P.♣#...##.## #.#
....♣..♣♣##'###..# #.#
.....♣.♣ #.####.#### #>#
##.##..# #.#≈≈≈.≈≈§####.#
##.##.#####.'.§≈§§≈.'.##.#
##..........#§.....≈#.##.#
#####.###...#≈§.@.≈≈#....#
#####.# ##..#§§....≈#.####
......# ##.§.§≈≈≈≈.+.#
####### #.#≈≈≈.≈≈≈###
#.####.#### #......#
#.###### #.# #1#


There were no monsters in sight!

Vanquished Creatures
  the Royal Jelly (Slime:5)
  3 orbs of fire
  Mara (Depths:3)
  A juggernaut (Depths:4)
  6 ancient liches (Zot:5)
  the Lernaean hydra (Swamp:4)
  3 Killer Klowns (Zot:5)
  Margery (Depths:4)
  2 caustic shrikes
  A curse toe (Zot:1)
  Xtahua (Depths:5)
  5 golden dragons
  Nikola (Spider:3)
  Arachne (Spider:1)
  2 electric golems
  6 tentacled monstrosities
  2 liches
  3 quicksilver dragons
  A deep elf blademaster (Elf:3)
  24 Orb Guardians
  22 acid blobs
  4 deep elf master archers
  4 sphinxes
  3 death cobs
  A tentacled starspawn (Zig:4)
  A thorn hunter (Swamp:4)
  Frances (D:13)
  Gastronok (D:12)
  3 draconian monks (Zot:1)
  Roxanne (D:15)
  8 storm dragons
  3 tengu reavers
  3 shadow dragons
  12 azure jellies
  The ghost of EnegeticOcto the Warrior, a journeyman MiFi of Gozag (Swamp:1)
  5 frost giants
  4 fire giants
  3 iron dragons
  6 deep elf sorcerers
  7 emperor scorpions
  An orc warlord (Zig:2)
  5 draconian scorchers
  2 draconian shifters (Zot:1)
  A juggernaut zombie (Depths:4)
  4 ghost moths
  13 deep elf elementalists (Elf:3)
  33 very ugly things
  4 stone giants
  3 spriggan defenders
  A draconian stormcaller (Zot:1)
  3 vampire knights
  An angel (Zot:5)
  3 draconian annihilators
  6 green draconians
  5 entropy weavers
  11 white draconians
  5 deep elf annihilators (Elf:3)
  8 deep elf demonologists
  4 black draconians
  6 yellow draconians
  7 red draconians
  The ghost of Huasawuy the Grappler, a journeyman TrWz of Okawaru (Lair:3)
  6 dire elephants (Lair:6)
  6 purple draconians
  13 spark wasps
  3 ettins
  2 deep elf death magi (Elf:3)
  7 yaktaur captains
  4 jiangshi
  14 great orbs of eyes
  Josephine (D:11)
  10 fire dragons
  10 death oozes
  6 deep elf high priests
  4 vault guards (D:13)
  10 ogre magi
  A shambling mangrove (Swamp:2)
  10 ice dragons
  3 rakshasas
  20 hydras
  A catoblepas (D:12)
  An anaconda (Lair:6)
  4 spriggan air magi
  7 centaur warriors
  3 ghost crabs
  A caustic shrike simulacrum (Depths:4)
  3 deep troll shamans
  22 two-headed ogres
  Erica (D:8)
  6 death scarabs (Spider:4)
  6 dancing weapons
  A death knight (D:15)
  15 alligators
  5 death yaks (Lair:6)
  3 deep troll earth magi (Depths:5)
  3 tengu warriors
  6 orc high priests (Orc:2)
  16 deep elf knights
  5 vampire magi
  3 spriggan berserkers
  A wretched star (Zig:4)
  5 hell knights
  A death drake (shapeshifter) (Depths:2)
  A spriggan druid (Swamp:3)
  A quicksilver dragon simulacrum (Depths:4)
  3 unseen horrors
  An unseen horror (shapeshifter) (Depths:2)
  A flayed ghost (Depths:2)
  7 deep trolls (Depths:5)
  6 swamp dragons
  9 deep elf archers
  A lindwurm (Lair:5)
  4 glowing orange brains
  3 obsidian statues (Zig:2)
  2 phantasmal warriors
  A spectral wolf spider (Spider:4)
  Pikel (D:6)
  5 wizards
  9 orc knights
  13 orb spiders
  31 deep elf magi
  27 wolf spiders
  6 necromancers
  6 orc sorcerers
  A shining eye (shapeshifter) (Elf:1)
  An orb spider (shapeshifter) (D:13)
  30 ugly things
  4 shining eyes
  4 wolf spider zombies
  3 cyclopes
  An elephant (shapeshifter) (Depths:2)
  5 manticores
  18 moths of wrath
  3 black mambas
  4 centaur zombies
  14 elephants
  2 molten gargoyles (Volcano)
  An elf zombie (Depths:4)
  Psyche (D:8)
  3 smoke demons
  A naga mage (D:15)
  A torpor snail (shapeshifter) (Depths:5)
  2 orange demons
  2 gargoyles
  4 torpor snails
  6 eyes of devastation
  An ice statue (Zig:2)
  26 spiny frogs
  2 centaur skeletons
  6 komodo dragons
  A spectral redback (Spider:4)
  A komodo dragon (shapeshifter) (Depths:2)
  An efreet (D:14)
  A yaktaur (shapeshifter) (D:15)
  A redback zombie (Spider:4)
  A yaktaur skeleton (Zig:3)
  19 demonic crawlers
  A rime drake (shapeshifter) (Elf:1)
  11 yaktaurs
  A kobold demonologist (D:13)
  A freezing wraith (Zig:4)
  2 ice devils
  2 tormentors
  3 hellwings (D:7)
  3 polar bears (Lair:2)
  A troll (shapeshifter) (Elf:2)
  An elf skeleton (Depths:4)
  2 trolls (D:13)
  23 hornets
  35 jumping spiders
  5 spectral tarantellas (Spider:4)
  A raiju (Zig:4)
  2 spectral jumping spiders (Spider:4)
  A wind drake (shapeshifter) (Depths:2)
  4 dream sheep (Lair:5)
  7 tyrant leeches
  A jumping spider zombie (Spider:4)
  84 slime creatures
  A tarantella zombie (Spider:4)
  5 bog bodies
  22 blink frogs
  7 hippogriffs
  8 shadows
  6 wraiths
  2 air elementals
  73 redbacks
  A yak (shapeshifter) (Depths:1)
  15 spriggans
  15 water elementals
  2 fire bats (Volcano)
  A redback (shapeshifter) (Depths:2)
  41 yaks
  6 basilisks
  23 tarantellas
  6 wyverns
  A neqoxec (Depths:5)
  A ynoxinul (Depths:5)
  2 fire elementals
  Eustachio (D:5)
  A steam dragon (Lair:3)
  2 chaos spawn
  51 vampire mosquitoes
  A hungry ghost (D:11)
  2 wargs
  10 insubstantial wisps (Swamp:3)
  A soldier ant (D:12)
  An acid dragon (D:15)
  13 swamp worms
  A soldier ant (shapeshifter) (Depths:2)
  A large abomination (Zig:4)
  Duvessa (D:5)
  12 water moccasins
  11 swamp drakes
  A floating eye (shapeshifter) (Depths:4)
  51 orc warriors
  10 porcupines
  2 spectral hornets (Spider:4)
  A small abomination (Zig:4)
  4 ice beasts
  2 slaves
  4 black bears
  5 eyes of draining
  4 sky beasts
  A hornet zombie (Spider:4)
  An eye of draining (shapeshifter) (Depths:2)
  21 ogres
  2 phantoms
  A tengu (shapeshifter) (Depths:5)
  6 boggarts
  15 centaurs
  12 crocodiles
  2 big kobolds (D:13)
  18 bullfrogs
  4 water moccasin zombies (Ossuary)
  A wyvern skeleton (D:15)
  Dowan (D:5)
  3 scorpions
  5 killer bees (D:13)
  15 wights
  2 electric eels
  5 howler monkeys
  2 lava snakes (Volcano)
  14 crimson imps
  4 jellies
  4 quasits
  38 orc priests
  2 bullfrog skeletons
  6 hounds
  3 iron imps
  27 orc wizards
  Terence (D:3)
  6 iguanas
  11 worker ants
  A hound skeleton (D:6)
  2 mummies (Ossuary)
  A worker ant zombie (D:5)
  A howler monkey skeleton (D:4)
  14 adders
  8 shadow imps
  A white imp (Zig:3)
  3 ufetubi (Depths:5)
  2 adder zombies
  4 adder skeletons
  3 worms
  2 dart slugs
  7 leopard geckos
  124 orcs
  2 giant cockroaches
  4 gnoll zombies (Ossuary)
  5 goblins
  5 hobgoblins
  17 jackals
  4 quokkas
  A ball python (D:3)
  6 bats
  5 frilled lizards
  5 hobgoblin zombies (Ossuary)
  A jackal zombie (D:5)
  14 kobolds
  2 kobold zombies (Ossuary)
  5 orc zombies (Ossuary)
  2 quokka zombies
  7 rats
  6 plants (Lair:6)
  3 starspawn tentacles (Zig:4)
1966 creatures vanquished.

Vanquished Creatures (collateral kills)
  2 death scarabs (Spider:4)
  A spectral wolf spider (Spider:4)
  3 shining eyes (Depths:5)
  A redback zombie (Spider:4)
  A spectral tarantella (Spider:4)
  A tarantella zombie (Spider:4)
  A jumping spider zombie (Spider:4)
  A floating eye (Depths:5)
11 creatures vanquished.

Vanquished Creatures (others)
  An Orb Guardian (Zot:5)
  A deep elf sorcerer (Elf:3)
  2 deep elf elementalists (Elf:3)
  A deep elf mage (Elf:2)
  A tyrant leech (Swamp:2)
  A redback (Spider:2)
  An orc (Orc:1)
  A bush (Lair:6)
  2 fungi (Lair:6)
  8 plants
19 creatures vanquished.

Grand Total: 1996 creatures vanquished

Notes
Turn   | Place    | Note
-------+----------+-------------------------------------------
     0 | D:1      | mopl the Minotaur Berserker began the quest for the Orb.
     0 | D:1      | Reached XP level 1. HP: 19/19 MP: 0/0
   457 | D:1      | Reached skill level 4 in Maces & Flails
   457 | D:1      | Reached XP level 2. HP: 22/27 MP: 1/1
  1304 | D:2      | Reached XP level 3. HP: 33/33 MP: 2/2
  2018 | D:3      | Reached ** piety under Trog
  2021 | D:3      | Reached XP level 4. HP: 40/40 MP: 3/3
  2051 | D:3      | Reached skill level 5 in Maces & Flails
  2510 | D:3      | Noticed Terence
  2518 | D:3      | Killed Terence
  2518 | D:3      | Reached XP level 5. HP: 47/47 MP: 4/4
  2771 | D:4      | Found Roshrene's Assorted Antiques.
  2779 | D:4      | Bought a scroll labeled DUKKIECESCH for 29 gold pieces
  2779 | D:4      | Bought a scroll labeled QUR QOHELECZI for 29 gold pieces
  2779 | D:4      | Bought a scroll labeled UWEUNOLONA for 29 gold pieces
  2957 | D:4      | Found Gerobuxa's Food Shop.
  3002 | D:4      | Noticed an ogre
  3006 | D:4      | Killed an ogre
  3006 | D:4      | Reached skill level 5 in Fighting
  3006 | D:4      | Reached skill level 6 in Maces & Flails
  3006 | D:4      | Reached XP level 6. HP: 56/56 MP: 5/5
  3072 | D:4      | Found a shimmering blue altar of Sif Muna.
  3511 | D:5      | Entered Level 5 of the Dungeon
  3528 | D:5      | Reached skill level 1 in Throwing
  3528 | D:5      | Reached skill level 1 in Evocations
  3530 | D:5      | Reached skill level 7 in Maces & Flails
  3530 | D:5      | Reached XP level 7. HP: 43/61 MP: 6/6
  3569 | D:5      | Reached *** piety under Trog
  3630 | D:5      | Reached skill level 5 in Armour
  3843 | D:5      | Noticed Dowan
  3845 | D:5      | Noticed Duvessa
  3868 | D:5      | Killed Dowan
  3909 | D:5      | Noticed Eustachio
  3911 | D:5      | Found the +9 scales of the Dragon King {rPois rF+ rC+ MR+}
  3924 | D:5      | Killed Eustachio
  3924 | D:5      | Reached skill level 8 in Maces & Flails
  3924 | D:5      | Reached XP level 8. HP: 70/70 MP: 8/8
  4234 | D:5      | Killed Duvessa
  4234 | D:5      | Reached skill level 9 in Maces & Flails
  4549 | D:6      | Found a shadowy altar of Dithmenos.
  4586 | D:6      | Noticed Pikel
  4601 | D:5      | Reached **** piety under Trog
  4626 | D:6      | Killed Pikel
  4626 | D:6      | Reached XP level 9. HP: 79/79 MP: 10/10
  4876 | D:6      | Reached skill level 10 in Maces & Flails
  5509 | D:7      | Found a staircase to the Ecumenical Temple.
  5992 | D:8      | Reached ***** piety under Trog
  6046 | D:8      | Reached skill level 5 in Throwing
  6105 | D:8      | Noticed Erica
  6114 | D:8      | Killed Erica
  6114 | D:8      | Reached skill level 11 in Maces & Flails
  6114 | D:8      | Reached XP level 10. HP: 88/88 MP: 12/12
  6200 | D:8      | Found a sand-covered staircase.
  6207 | Ossuary  | Entered an ossuary
  6278 | Ossuary  | Reached skill level 5 in Evocations
  6371 | D:8      | Noticed Psyche
  6373 | D:8      | Paralysed by Psyche for 3 turns
  6377 | D:8      | Killed Psyche
  6988 | D:9      | Received a gift from Trog
  6994 | D:9      | Reached skill level 12 in Maces & Flails
  7330 | D:9      | Paralysed by an orc for 6 turns
  7403 | D:9      | Reached XP level 11. HP: 97/97 MP: 14/14
  7723 | D:9      | Found a staircase to the Orcish Mines.
  7732 | Orc:1    | Entered Level 1 of the Orcish Mines
  7744 | Orc:1    | Noticed an orc knight
  7745 | Orc:1    | Noticed an orc sorcerer
  7797 | D:9      | Killed an orc knight
  7844 | Orc:1    | Noticed a soul eater
  7908 | Orc:1    | Killed an orc sorcerer
  8112 | Orc:1    | Found an iron altar of Okawaru.
  8133 | Orc:1    | Noticed an orc sorcerer
  8139 | Orc:1    | Killed an orc sorcerer
  8177 | Orc:2    | Entered Level 2 of the Orcish Mines
  8178 | Orc:2    | Noticed an ettin
  8190 | Orc:2    | Killed an ettin
  8190 | Orc:2    | Reached skill level 13 in Maces & Flails
  8225 | Orc:2    | Noticed an orc high priest
  8226 | Orc:2    | Reached ****** piety under Trog
  8236 | Orc:2    | Received a gift from Trog
  8256 | Orc:2    | Noticed an orc sorcerer
  8341 | Orc:1    | Noticed an orc sorcerer
  8345 | Orc:1    | Paralysed by an orc sorcerer for 7 turns
  8355 | Orc:1    | Killed an orc sorcerer
  8448 | Orc:2    | Killed an orc sorcerer
  8448 | Orc:2    | Reached skill level 10 in Fighting
  8479 | Orc:2    | Found a staircase to the Elven Halls.
  8541 | Orc:2    | Noticed a sun demon
  8627 | Orc:2    | Killed an orc high priest
  8933 | Orc:2    | Noticed an orc knight
  8976 | Orc:2    | Killed an orc knight
  8976 | Orc:2    | Reached skill level 10 in Armour
  9342 | Orc:2    | Found Busu's Magic Scroll Shoppe.
  9350 | Orc:2    | Bought a scroll of amnesia for 52 gold pieces
  9350 | Orc:2    | Bought a scroll of magic mapping for 52 gold pieces
  9350 | Orc:2    | Bought a scroll of remove curse for 45 gold pieces
  9350 | Orc:2    | Bought a scroll of torment for 112 gold pieces
  9350 | Orc:2    | Bought a scroll of fog for 30 gold pieces
  9350 | Orc:2    | Bought 3 scrolls of identify for 90 gold pieces
  9350 | Orc:2    | Bought a scroll of identify for 30 gold pieces
  9350 | Orc:2    | Bought a scroll of teleportation for 45 gold pieces
  9457 | Orc:2    | Noticed an orc high priest
  9469 | Orc:2    | Killed an orc high priest
  9469 | Orc:2    | Reached XP level 12. HP: 107/107 MP: 16/16
  9473 | Orc:2    | Noticed an orc high priest
  9474 | Orc:2    | Noticed an orc high priest
  9483 | Orc:2    | Received a gift from Trog
  9483 | Orc:2    | Reached skill level 14 in Maces & Flails
  9488 | Orc:2    | Noticed an orc high priest
  9493 | Orc:2    | Killed an orc high priest
  9499 | Orc:2    | Killed an orc high priest
  9513 | Orc:2    | Killed an orc high priest
  9524 | Orc:2    | Got a transparent battleaxe {god gift}
  9743 | Orc:2    | Noticed an orc high priest
  9763 | Orc:2    | Killed an orc high priest
  9872 | Orc:2    | Found Hosixt's Weapon Emporium.
  9875 | Orc:2    | Found Suhuh's Magic Scroll Shoppe.
  9876 | Orc:2    | Found Ychongo Sost's Book Emporium.
  9877 | Orc:2    | Found Sohatto's Assorted Antiques.
  9881 | Orc:2    | Bought a scroll of enchant armour for 82 gold pieces
  9881 | Orc:2    | Bought a scroll of enchant weapon for 82 gold pieces
  9881 | Orc:2    | Bought a scroll of vulnerability for 82 gold pieces
  9881 | Orc:2    | Bought a scroll of identify for 22 gold pieces
  9881 | Orc:2    | Bought a scroll of identify for 22 gold pieces
  9881 | Orc:2    | Bought a scroll of identify for 22 gold pieces
  9881 | Orc:2    | Bought a scroll of fear for 38 gold pieces
  9881 | Orc:2    | Bought a scroll of teleportation for 33 gold pieces
  9881 | Orc:2    | Bought a scroll of fear for 38 gold pieces
  9881 | Orc:2    | Bought a scroll of teleportation for 33 gold pieces
  9881 | Orc:2    | Bought a scroll of blinking for 82 gold pieces
  9881 | Orc:2    | Bought a scroll of vulnerability for 82 gold pieces
  9881 | Orc:2    | Bought a scroll of magic mapping for 38 gold pieces
  9883 | Orc:2    | Bought a faintly glowing ruby amulet for 140 gold pieces
  9883 | Orc:2    | Bought a scroll labeled JAOBIUGHUAKE for 28 gold pieces
  9883 | Orc:2    | Bought a fizzy purple potion for 25 gold pieces
  9883 | Orc:2    | Bought a red potion for 25 gold pieces
  9888 | Orc:2    | Identified the +7 battleaxe of the Evening {flame, +Blink
                  | rC+ MR+ Stlth+} (Trog gifted it to you on level 2 of the
                  | Orcish Mines)
  9896 | Orc:2    | Identified the amulet "Ceileav" {Inacc Int+4 Stlth+} (You
                  | bought it in a shop on level 2 of the Orcish Mines)
 10061 | D:10     | Entered Level 10 of the Dungeon
 10108 | D:10     | Found a flagged portal.
 10120 | Bailey   | Entered a bailey
 10549 | D:10     | Noticed a two-headed ogre
 10554 | D:10     | Killed a two-headed ogre
 10564 | D:10     | Reached skill level 15 in Maces & Flails
 10576 | D:10     | Noticed a two-headed ogre
 10582 | D:10     | Killed a two-headed ogre
 10766 | D:10     | Received a gift from Trog
 11102 | D:11     | Found a staircase to the Lair.
 11114 | Lair:1   | Entered Level 1 of the Lair of Beasts
 11161 | D:11     | Noticed Josephine
 11176 | D:11     | Killed Josephine
 11222 | D:11     | Reached XP level 13. HP: 96/117 MP: 17/17
 11305 | D:11     | Found Ehefripn's Antique Armour Boutique.
 11337 | D:11     | You fall into a shaft and drop 3 floors!
 11351 | D:14     | Found Sess's Antique Weapon Emporium.
 11453 | D:13     | Noticed Frances
 11477 | D:13     | Killed Frances
 11523 | D:13     | Found a gate to the Vaults.
 11535 | D:13     | Reached skill level 5 in Dodging
 11655 | D:13     | Received a gift from Trog
 11838 | D:13     | Reached skill level 16 in Maces & Flails
 12055 | D:12     | Noticed Gastronok
 12088 | D:12     | Killed Gastronok
 12396 | D:11     | Found Wozarchom's Book Shop.
 12431 | D:11     | Received a gift from Trog
 12434 | D:11     | Found Cuiciyku's Armour Shoppe.
 12440 | D:11     | Reached XP level 14. HP: 129/129 MP: 19/19
 12461 | D:11     | Found a hide-covered altar of Uskayaw.
 12615 | D:11     | Found Unumih's Antique Armour Emporium.
 12710 | D:11     | Found Muabuvat's Jewellery Boutique.
 13617 | Lair:2   | Found a snail-covered altar of Cheibriados.
 14001 | Lair:2   | Found a staircase to the Swamp.
 14583 | Lair:3   | Reached skill level 10 in Throwing
 14778 | Lair:3   | Found a runed translucent door.
 15101 | Lair:3   | Received a gift from Trog
 15111 | Lair:3   | Noticed Huasawuy's ghost (journeyman TrWz)
 15169 | Lair:3   | Killed Huasawuy's ghost
 15527 | Lair:3   | Reached skill level 17 in Maces & Flails
 15722 | Lair:4   | Found a hole to the Spider Nest.
 16697 | Lair:5   | Noticed Sonja
 16698 | Lair:5   | Noticed Sonja
 16698 | Lair:5   | Sonja changed into Sonja the wyvern
 16702 | Lair:5   | Killed Sonja the wyvern
 17017 | Lair:5   | Found a dark tunnel.
 17065 | Volcano  | Entered a volcano
 17111 | Volcano  | Received a gift from Trog
 17204 | Volcano  | Found a bloodstained altar of Trog.
 17215 | Volcano  | Reached XP level 15. HP: 139/139 MP: 21/21
 17216 | Volcano  | Paralysed by an ogre mage for 5 turns
 17519 | Lair:5   | Reached skill level 15 in Fighting
 18057 | Lair:6   | Entered Level 6 of the Lair of Beasts
 18449 | Lair:6   | Reached skill level 10 in Evocations
 18452 | Lair:6   | Reached skill level 18 in Maces & Flails
 18667 | Lair:6   | Found a staircase to the Slime Pits.
 20539 | D:15     | Entered Level 15 of the Dungeon
 20550 | D:15     | Received a gift from Trog
 20929 | D:15     | Identified Roxanne's Papyrus of Shape Shifting
 20929 | D:15     | Noticed Roxanne
 20949 | D:15     | Killed Roxanne
 21050 | D:15     | Found a portal to a secret trove of treasure.
 21071 | D:15     | Reached XP level 16. HP: 151/151 MP: 22/22
 21170 | D:15     | Found Doricwer's Assorted Antiques.
 21529 | D:15     | Found a staircase to the Depths.
 21830 | D:11     | Bought the +0 pair of boots of the Barber Surgeon {+Blink
                  | rPois} for 317 gold pieces
 21974 | D:4      | Bought 2 black potions for 52 gold pieces
 22153 | Swamp:1  | Entered Level 1 of the Swamp
 22230 | Swamp:1  | Found a runed translucent door.
 22233 | Swamp:1  | Noticed EnegeticOcto's ghost (journeyman MiFi)
 22261 | Swamp:1  | Killed EnegeticOcto's ghost
 22261 | Swamp:1  | Reached skill level 19 in Maces & Flails
 23234 | Swamp:2  | Reached skill level 10 in Dodging
 23511 | Swamp:2  | Received a gift from Trog
 23527 | Swamp:2  | Got an ancient glaive {god gift}
 23528 | Swamp:2  | Identified the +8 glaive of Nosin {vorpal, rC+ rN+} (Trog
                  | gifted it to you on level 2 of the Swamp)
 25075 | Swamp:4  | Entered Level 4 of the Swamp
 25451 | Swamp:4  | Received a gift from Trog
 25468 | Swamp:4  | Paralysed by a hornet for 2 turns
 25692 | Swamp:4  | Reached XP level 17. HP: 162/162 MP: 23/23
 25945 | Swamp:4  | Reached skill level 20 in Maces & Flails
 25978 | Swamp:4  | Noticed the 27-headed Lernaean hydra
 25990 | Swamp:4  | Killed the 24-headed Lernaean hydra
 26081 | Swamp:4  | Got a decaying rune of Zot
 26610 | Lair:1   | Identified 2 scrolls of acquirement
 26630 | Lair:1   | Reached XP level 18. HP: 171/171 MP: 25/25
 26646 | Lair:1   | Got the +7 great mace of the Disturbing Bones {freeze, rC+}
 26714 | Spider:1 | Entered Level 1 of the Spider Nest
 26871 | Spider:1 | Reached skill level 15 in Armour
 26912 | Spider:1 | Received a gift from Trog
 27029 | Spider:2 | Noticed Arachne
 27258 | Spider:1 | Killed Arachne
 27258 | Spider:1 | Reached skill level 21 in Maces & Flails
 27484 | Spider:3 | Received a gift from Trog
 27608 | Spider:3 | Noticed Nikola
 27617 | Spider:3 | Killed Nikola
 27797 | Spider:3 | Identified the +1 pair of boots "Naniomme" {rC+} (You found
                  | it on level 3 of the Spider Nest)
 27912 | Spider:4 | Entered Level 4 of the Spider Nest
 28048 | Spider:4 | Reached XP level 19. HP: 176/180 MP: 26/26
 28113 | Spider:4 | Received a gift from Trog
 28718 | Spider:4 | Got a gossamer rune of Zot
 28815 | Spider:4 | Received a gift from Trog
 29132 | Elf:1    | Entered Level 1 of the Elven Halls
 29196 | Elf:1    | Gained mutation: You occasionally shout uncontrollably at
                  | your foes. [a shining eye]
 29197 | Elf:1    | Gained mutation: Your magical capacity is low. (-10% MP) [a
                  | shining eye]
 29199 | Elf:1    | Gained mutation: You passively map a small area around you.
                  | [a shining eye]
 29253 | Elf:1    | Reached skill level 22 in Maces & Flails
 29297 | Elf:1    | Received a gift from Trog
 29366 | Elf:1    | Found Gosse's Food Emporium.
 29381 | Elf:1    | Found a runed translucent gate.
 29381 | Elf:1    | Found a runed translucent gate.
 29381 | Elf:1    | Found a runed translucent gate.
 29381 | Elf:1    | Found a runed translucent gate.
 29381 | Elf:1    | Found a runed translucent gate.
 29383 | Elf:1    | Found a runed translucent gate.
 29795 | Elf:2    | Found Bachuump's Food Shop.
 29806 | Elf:2    | Found Posalot's Antique Armour Boutique.
 29867 | Elf:2    | Found Fiusoman's Antique Armour Shop.
 29900 | Elf:2    | Reached XP level 20. HP: 191/191 MP: 25/25
 29926 | Elf:3    | Entered Level 3 of the Elven Halls
 29970 | Elf:3    | Received a gift from Trog
 30178 | Elf:3    | Received a gift from Trog
 30230 | Elf:3    | Found the amulet of Vitality {Regen+ HP+15}
 30301 | Elf:3    | Got a vibrating platinum ring
 30304 | Elf:3    | Identified the ring of the Present {Wiz *Contam rN++ MR+
                  | Stlth+} (You found it on level 3 of the Elven Halls)
 30313 | Elf:3    | Identified the +11 executioner's axe of the Sky {vorpal,
                  | rPois} (You found it on level 3 of the Elven Halls)
 30380 | Elf:3    | Identified Xioguefoh's Papyrus of Ice
 30638 | Depths:1 | Entered Level 1 of the Depths
 30718 | Depths:1 | Reached skill level 23 in Maces & Flails
 30827 | Depths:1 | Found a gateway to Hell.
 30904 | Depths:1 | Found a one-way gate to the infinite horrors of the Abyss.
 30939 | Depths:1 | Found a shimmering altar of Xom.
 31389 | Depths:1 | Received a gift from Trog
 31478 | Depths:2 | Reached XP level 21. HP: 196/200 MP: 26/26
 31637 | Depths:2 | Noticed a caustic shrike
 31651 | Depths:2 | Killed a caustic shrike
 31828 | Depths:2 | Received a gift from Trog
 32255 | Depths:2 | Identified the +5 triple sword "Lacetit" {drain, *Corrode
                  | rF++ MR+ Dex+2}
 32396 | Depths:2 | Received a gift from Trog
 32396 | Depths:2 | Reached skill level 15 in Throwing
 32612 | Depths:3 | Reached skill level 24 in Maces & Flails
 32640 | Depths:3 | Noticed Mara
 32649 | Depths:3 | Killed Mara
 32912 | D:11     | Bought the cursed +0 buckler "Yrif" {rC++ rCorr Dex-5
                  | Stlth+} for 334 gold pieces
 33084 | Slime:1  | Entered Level 1 of the Pits of Slime
 33443 | Slime:1  | Reached XP level 22. HP: 210/210 MP: 27/27
 33913 | Slime:4  | Gained mutation: You are surrounded by a mild repulsion
                  | field. (EV +2) [a shining eye]
 33916 | Slime:5  | Entered Level 5 of the Pits of Slime
 34458 | Slime:5  | Found a viscous altar of Jiyva.
 34459 | Slime:5  | Noticed the Royal Jelly
 34472 | Slime:5  | Reached skill level 15 in Dodging
 34481 | Slime:5  | Killed the Royal Jelly
 34603 | Slime:5  | Identified the ring of Ragoigh {rF+ rCorr} (You found it on
                  | level 5 of the Pits of Slime)
 34651 | Slime:5  | Identified the cursed +1 chain mail "Rarun" {Int+2} (You
                  | found it on level 5 of the Pits of Slime)
 34664 | Slime:5  | Identified the +0 buckler of Hepysigg {rElec Str+5} (You
                  | found it on level 5 of the Pits of Slime)
 34682 | Slime:5  | Got a slimy rune of Zot
 35099 | Depths:3 | Reached skill level 1 in Stealth
 35159 | Depths:4 | Received a gift from Trog
 35325 | Depths:4 | Noticed a caustic shrike
 35336 | Depths:4 | Killed a caustic shrike
 35577 | Depths:4 | Noticed a juggernaut
 35592 | Depths:4 | Killed a juggernaut
 35803 | Depths:5 | Entered Level 5 of the Depths
 35923 | Depths:5 | Reached XP level 23. HP: 220/220 MP: 29/29
 36054 | Depths:5 | Found a one-way gate leading to the halls of Pandemonium.
 36068 | Depths:5 | Received a gift from Trog
 37039 | Depths:5 | Found a gateway to a ziggurat.
 37045 | Depths:5 | Paralysed by a floating eye for 2 turns
 37069 | Depths:4 | Noticed Xtahua
 37204 | Depths:5 | Received a gift from Trog
 37207 | Depths:5 | Killed Xtahua
 37207 | Depths:5 | Reached skill level 5 in Stealth
 37321 | Zig:1    | Entered Level 1 of a ziggurat
 37340 | Zig:2    | Entered Level 2 of a ziggurat
 37409 | Zig:3    | Entered Level 3 of a ziggurat
 37439 | Zig:3    | Identified Mongitsu's Tome of Execration
 37534 | Zig:4    | Entered Level 4 of a ziggurat
 37539 | Zig:4    | Found the cursed +13 scythe of Curses {drain, *Curse}
 37751 | Depths:5 | Found a gate to the Realm of Zot.
 38074 | Zot:1    | Entered Level 1 of the Realm of Zot
 38222 | Zot:1    | Received a gift from Trog
 38226 | Zot:1    | Reached XP level 24. HP: 82/228 MP: 17/29
 38576 | Zot:1    | Reached skill level 25 in Maces & Flails
 38579 | Zot:1    | Reached skill level 15 in Evocations
 38744 | Zot:2    | Noticed an orb of fire
 38757 | Zot:2    | Killed an orb of fire
 38932 | Zot:3    | Noticed an orb of fire
 38943 | Zot:3    | Gained mutation: You do not regenerate when monsters are
                  | visible. [an orb of fire]
 38947 | Zot:3    | Killed an orb of fire
 39078 | Depths:4 | Noticed Margery
 39084 | Depths:4 | Killed Margery
 39625 | Zot:5    | Entered Level 5 of the Realm of Zot
 39625 | Zot:5    | Found a huge runed gate.
 39625 | Zot:5    | Found a huge runed gate.
 39625 | Zot:5    | Found a huge runed gate.
 39625 | Zot:5    | Found a huge runed gate.
 39625 | Zot:5    | Found a huge runed gate.
 39625 | Zot:5    | Found a huge runed gate.
 39625 | Zot:5    | Found a huge runed gate.
 39625 | Zot:5    | Found a huge runed gate.
 39627 | Zot:5    | Found a huge runed gate.
 39627 | Zot:5    | Found a huge runed gate.
 39627 | Zot:5    | Found a huge runed gate.
 39627 | Zot:5    | Found a huge runed gate.
 39627 | Zot:5    | Found a huge runed gate.
 39627 | Zot:5    | Found a huge runed gate.
 39627 | Zot:5    | Found a huge runed gate.
 39635 | Zot:5    | Found a huge runed gate.
 39636 | Zot:5    | Found a huge runed gate.
 39661 | Zot:5    | Found a huge runed gate.
 39673 | Zot:5    | Found a huge runed gate.
 39780 | Zot:5    | Noticed an ancient lich
 39802 | Zot:5    | Killed an ancient lich
 39803 | Zot:5    | Noticed an orb of fire
 39828 | Zot:5    | Killed an orb of fire
 39927 | Zot:5    | Received a gift from Trog
 39930 | Zot:5    | Identified the +3 great mace of Accord {antimagic, rElec
                  | Str+7 Int+4 Dex-2} (Trog gifted it to you on level 5 of the
                  | Realm of Zot)
 40041 | Zot:5    | Noticed a Killer Klown
 40042 | Zot:5    | Noticed an ancient lich
 40070 | Zot:5    | Killed an ancient lich
 40075 | Zot:5    | Killed a Killer Klown
 40131 | Zot:5    | Noticed a Killer Klown
 40157 | Zot:5    | Killed a Killer Klown
 40157 | Zot:5    | Reached XP level 25. HP: 161/238 MP: 29/30
 40215 | Zot:5    | Identified the amulet "Taff" {Acrobat +Blink rC+}
 40252 | Zot:5    | Noticed an ancient lich
 40273 | Zot:5    | Killed an ancient lich
 40319 | Zot:5    | Noticed an ancient lich
 40331 | Zot:5    | Killed an ancient lich
 40496 | Zot:5    | Reached skill level 26 in Maces & Flails
 40529 | Zot:5    | Noticed a Killer Klown
 40539 | Zot:5    | Killed a Killer Klown
 40576 | Zot:5    | Noticed an ancient lich
 40577 | Zot:5    | Noticed an ancient lich
 40599 | Zot:5    | Killed an ancient lich
 40613 | Zot:5    | Killed an ancient lich
 40830 | Zot:5    | Got the Orb of Zot
 40861 | Zot:5    | Noticed Seithryv the pandemonium lord
 40876 | Zot:5    | Identified the +8 great sword "Ruegin" {vorpal, Str+4 Int+7
                  | Stlth-}
 40877 | Zot:5    | Noticed an orb of fire
 40880 | Zot:5    | Noticed a Killer Klown
 40901 | Zot:5    | Found a huge runed gate.
 40901 | Zot:5    | Found a huge runed gate.
 40902 | Zot:5    | Found a huge runed gate.
 40902 | Zot:5    | Found a huge runed gate.
 40903 | Zot:5    | Found a huge runed gate.
 40910 | Zot:5    | Found a huge runed gate.
 40911 | Zot:5    | Found a huge runed gate.
 41440 | D:$      | Escaped with the Orb!

Illustrated notes

Levels and vault maps discovered:
D:1:      ncdulo_lavacross, layout_loops_corners, serial_forest,
          infiniplex_forest_straight_4, infiniplex_forest_end_double,
          infiniplex_forest_lined_3, infiniplex_forest_clump_long,
          infiniplex_forest_end_1, infiniplex_forest_clump_tiny,
          infiniplex_forest_straight_3, infiniplex_forest_clump_diagonal,
          infiniplex_forest_zigzag_1, infiniplex_forest_clump_diagonal
D:2:      layout_loops_ring, nrook_loot_triangle, minmay_misc_feat_nine_boxes
D:3:      layout_rooms, uniq_terence
D:4:      layout_loops_corners, lemuel_blue_sif_altar, first_ration,
          serial_shops, shop, shop
D:5:      minmay_thinvault, layout_cave_pools, uniq_duvessa, uniq_eustachio
D:6:      minmay_bubble_buster, layout_rooms, grunt_dithmenos_smoke_and_mirrors,
          uniq_pikel
D:7:      layout_basic, temple_statues, grunt_ogre_cave
D:8:      layout_basic, nicolae_ossuary_entry_monument, uniq_psyche, uniq_erica
D:9:      layout_loops_ring, erik_orc_2
D:10:     layout_irregular_city, enter_bailey_2, kennysheep_generic_room_3
D:11:     layout_long_grid, lair_entry_dummy, basic_altar, serial_shops, shop,
          kennysheep_mini_moat, shop, shop_statue,
          nicolae_shop_overgrown_old_shop, minmay_misc_feat_secret_circle,
          uniq_josephine
D:12:     layout_big_octagon, serial_park, serial_park_avenue1,
          serial_park_tiny_2, uniq_gastronok
D:13:     layout_long_grid, lightli_vaults_fourway_checkpoint, serial_glass,
          glass_columns_a, glass_columns_b, uniq_frances
D:14:     layout_rooms, serial_shops, nicolae_shop_waterfront, minivault_4
D:15:     grunt_enter_depths_magical_seal, layout_irregular_city, serial_shops,
          shop, nicolae_trove_entry_crossroad, uniq_roxanne
Lair:1:   layout_regular_city, infiniplex_staircase_pool
Lair:2:   layout_roguey, swamp_mist, nicolae_lair_grove_arrangements,
          kennysheep_snail_temple, grunt_megastairs_2
Lair:3:   layout_cellular_growth, ebering_ghost_inner_flame, beast_lair_carwin_1
Lair:4:   beast_lair_carwin_large_2, layout_layer_cave, spider_nest_entry_a
Lair:5:   layout_regular_city, nicolae_volcano_entry_vermiform, nzn_random_ring,
          uniq_sonja
Lair:6:   due_jungle_book, layout_small_grid, dpeg_slime_entry_corner,
          serial_bayou_shore_a
Swamp:1:  layout_basic_swamp, ebering_ghost_inner_flame,
          hangedman_swamp_ruin_wall, swamp_pool1, statue_in_the_mist_lemuel
Swamp:2:  layout_falls_marsh, evilmike_swamp_ruin_house_2
Swamp:3:  layout_basic_swamp, serial_swamp_ruin, evilmike_swamp_ruin_rubble_1,
          evilmike_swamp_ruin_house_1, evilmike_swamp_ruin_house_5
Swamp:4:  swamp_old_school, layout_basic_swamp
Spider:1: layout_spider_delve
Spider:2: nicolae_spider_mines_3, spiders_nest_hornet_nest,
          nicolae_spider_cling_ruins, uniq_arachne
Spider:3: lemuel_spider_zombies, uniq_louise, uniq_nikola
Spider:4: floodkiller_spider_rune_tomb, einodemon_crawler_minivault
Slime:1:  layout_caves
Slime:2:  layout_caves
Slime:3:  layout_caves
Slime:4:  layout_caves, nicolae_slime_round_cave
Slime:5
Orc:1:    layout_diamond_mine, okawaru_metal_pillars_1_2
Orc:2:    st_orc_pillars, layout_diamond_mine, serial_shops, nicolae_shop_trees
Elf:1:    layout_loops_ring, serial_shops, shop, orc_legates, minivault_16
Elf:2:    layout_geoelf_diagonals, serial_shops, shop, glass_columns_a,
          minmay_shop_star
Elf:3:    minmay_elf_hall_four_x, layout_onion_city, drop_trap
Depths:1: layout_cave_shapes, grunt_hell_entry_dis_mu, abyss_entry,
          hangedman_abyss_or_decor_stagger, xom_teletrap_fun, grunt_megastairs_5
Depths:2: hangedman_pleasuredromes, hell_entry, serial_shops, abyss_entry
Depths:3: minmay_the_grid_plus [minmay_the_grid_airy,
          minmay_the_grid_outer_diamond, minmay_the_grid_tree,
          minmay_the_grid_armoury, minmay_the_grid_prize_four_corners],
          layout_honeycomb, grunt_pan_entry_zigzag, chequers_jeans,
          hangedman_coc_ice_floe, minivault_22, uniq_mara
Depths:4: kennysheep_large_spiral, layout_gridlike, abyss_entry_flame_altar,
          hellmouth_1, minmay_misc_feat_hallway, grunt_megastairs_3,
          serial_bayou_shore_b, uniq_boris, uniq_xtahua, uniq_margery
Depths:5: grunt_zot_entry_bicorn, layout_gridlike, enter_ziggurat_d, hell_entry,
          abyss_entry, grunt_pan_entry_spiral
Zot:1:    layout_misc_corridors
Zot:2:    layout_concentric_octagons
Zot:3:    layout_gridlike
Zot:4:    layout_concentric_octagons, st_small_dragon_hoard_2
Zot:5:    layout_misc_corridors, door_vault

Skill      XL: |  1  2  3  4  5  6  7  8  9 10 11 12 13 14 15 16 17 18 19 20 21 22 23 24 25 |
---------------+----------------------------------------------------------------------------+-----
Maces & Flails | 4 5 6 7 8 9 11 12 13 15 16 17 18 19 20 21 22 23 24 25 26 | 26.2
Fighting       | 4 5 6 7 8 9 10 11 13 14 16 17 18 19 20 21 22 | 22.4
Armour         | 3 4 5 6 7 8 10 11 12 13 14 15 16 17 18 19 20 | 20.5
Throwing       | 1 2 3 5 6 7 8 9 10 11 12 13 14 15 16 17 | 17.6
Evocations     | 1 2 3 4 5 6 7 8 9 10 11 12 13 14 15 | 15.8
Dodging        | 3 6 7 9 10 11 12 13 14 15 16 17 | 17.5
Stealth        | 3 5 7 8 |  8.5

Action                   |  1- 3 |  4- 6 |  7- 9 | 10-12 | 13-15 | 16-18 | 19-21 | 22-24 | 25-27 || total
-------------------------+-------+-------+-------+-------+-------+-------+-------+-------+-------++-------
Melee: Mace              |    81 |    30 |       |       |       |       |       |       |       ||   111
       Headbutt          |    11 |    13 |    78 |   172 |   313 |   253 |   350 |   389 |    62 ||  1641
       Flail             |       |    36 |   269 |       |       |       |       |       |       ||   305
       Morningstar       |       |       |    23 |   129 |       |       |       |       |       ||   152
       Dire flail        |       |       |       |   629 |  1231 |   826 |       |       |       ||  2686
       Unarmed           |       |       |       |       |    14 |       |       |       |       ||    14
       Battleaxe         |       |       |       |       |       |     4 |       |       |       ||     4
       Great mace        |       |       |       |       |       |   342 |  1225 |   990 |   204 ||  2761
       Demon whip        |       |       |       |       |       |       |   128 |   239 |       ||   367
Throw: Dart              |       |     4 |       |       |       |       |     1 |       |       ||     5
       Boomerang         |       |       |       |    69 |    14 |    46 |   139 |   137 |    35 ||   440
       Javelin           |       |       |       |       |       |       |    23 |    30 |       ||    53
Invok: Berserk           |     1 |     4 |     6 |    10 |     9 |     4 |     2 |     9 |     1 ||    46
       Trog's Hand       |       |       |     1 |     1 |     1 |     3 |     6 |     8 |     6 ||    26
       Brothers in Arms  |       |       |       |       |       |       |     1 |     2 |       ||     3
 Abil: Evoke Blink       |       |       |       |       |       |       |     1 |     2 |     6 ||     9
Evoke: Wand              |       |       |     1 |     3 |     4 |    30 |     6 |     9 |       ||    53
       Lightning rod     |       |       |       |     5 |       |       |       |     2 |       ||     7
       Phial of floods   |       |       |       |       |       |       |     1 |       |       ||     1
  Use: Scroll            |       |       |       |       |       |    25 |    10 |    27 |     4 ||    66
       Potion            |       |       |       |       |       |     2 |     2 |     5 |     6 ||    15
 Stab: Sleeping          |     1 |       |       |       |       |       |       |       |       ||     1
       Confused          |       |       |       |       |       |     3 |       |       |       ||     3
       Paralysed         |       |       |       |       |       |     1 |     3 |     3 |       ||     7
       Invisible         |       |       |       |       |       |       |       |     6 |       ||     6
  Eat: Chunk             |     3 |     8 |    15 |    30 |    41 |    22 |    16 |    16 |     4 ||   155
       Ration            |       |       |       |       |       |     2 |     2 |     6 |     1 ||    11
Armor: Animal skin       |     7 |       |       |       |       |       |       |       |       ||     7
       Scale mail        |     8 |    34 |    35 |       |       |       |       |       |       ||    77
       Gold dragon scale |       |       |   177 |   494 |   642 |   917 |   910 |   700 |   130 ||  3970
Dodge: Dodged            |    36 |    47 |    88 |   266 |   485 |   786 |   852 |   802 |    87 ||  3449
Block: Buckler           |       |       |       |       |       |       |    13 |    16 |       ||    29
